Map: Port Aleksander LE

Players

TiPtOP - Winner!

  • Race: Zerg Zerg
  • League: Silver
  • Spawn Location: 11:00

VOD

Have the link to the VOD?

Description

Time

  • Played on: May 14, 2019, 8:38 p.m.
  • Length: 34:22
Show
View Real Time Build Order
Export as new Build Order

TiPtOP Zerg - Winner!

Build Orders:  

Get SALT Encoding   

  12  0:03  Drone  
  13  0:19  Overlord  
  13  0:34  Drone  
  14  0:45  Drone  
  15  0:51  Drone  
  16  1:08  Drone  
  16  1:09  Spawning Pool  
  16  1:24  Drone  
  16  1:27  Drone  
  18  1:58  Hatchery  
  17  2:05  Drone  
  17  2:06  Extractor  
  17  2:12  Drone  
  18  2:20  Drone  
  19  2:35  Drone  
  20  2:41  Overlord  
  20  3:02  Drone  
  20  3:09  Overlord  
  21  3:45  Zergling x4  
  21  3:49  Queen  
  25  3:57  Drone x2  
  27  4:02  Queen  
  29  4:31  Drone  
  30  4:43  Drone x2  
  30  4:44  Drone  
  33  4:57  Hatchery  
  32  5:07  Drone x2  
  32  5:08  Drone x2  
  36  5:42  Metabolic Boost  
  36  5:48  Overlord  
  36  6:13  Overlord x2  
  36  6:28  Zergling x4  
  38  6:36  Roach Warren  
  37  6:44  Drone x3  
  37  6:48  Extractor  
  39  6:56  Extractor  
  38  7:17  Drone x2  
  40  7:24  Drone x2  
  40  7:25  Drone  
  43  7:39  Drone x3  
  46  7:44  Drone x3  
  49  8:10  Roach x2  
  49  8:14  Lair  
  53  8:24  Queen  
  55  8:32  Drone x3  
  55  8:35  Drone  
  55  8:36  Drone x2  
  61  8:49  Extractor  
  60  8:58  Drone x2  
  60  8:59  Drone  
  62  9:35  Roach x2  
  62  9:36  Roach  
  63  9:47  Spine Crawler x2  
  63  9:49  Spine Crawler  
  52  10:34  Overlord  
  52  10:35  Overlord, Roach x3  
  48  11:00  Roach x3  
  54  11:29  Drone x2  
  56  11:44  Roach x4  
  63  11:50  Glial Reconstitution  
  63  12:19  Drone x2, Spine Crawler  
  64  12:23  Spine Crawler x2  
  62  12:34  Spine Crawler  
  61  12:43  Drone  
  61  12:44  Drone  
  61  12:47  Overlord  
  61  12:48  Overlord  
  63  13:05  Roach x2  
  67  13:10  Drone x2  
  69  13:30  Hatchery  
  69  13:35  Roach x3  
  74  14:04  Evolution Chamber  
  73  14:21  Roach x3  
  79  14:38  Roach x3  
  85  14:59  Roach x3  
  91  15:10  Queen  
  91  15:13  Overlord  
  93  15:59  Roach x4  
  101  16:00  Roach x2  
  101  16:02  Overlord  
  101  16:03  Overlord x2  
  105  16:22  Burrow  
  105  16:30  Drone  
  105  16:31  Drone  
  105  16:38  Lair  
  107  16:55  Overlord x3  
  107  17:09  Drone, Hydralisk Den  
  107  17:17  Zerg Missile Weapons Level 1  
  107  17:27  Evolution Chamber  
  106  17:36  Roach x3  
  106  17:37  Roach x4  
  106  17:38  Roach  
  122  17:42  Pneumatized Carapace  
  122  18:01  Drone  
  122  18:07  Lair  
  122  18:09  Zerg Ground Armor Level 1  
  123  18:45  Hydralisk x2  
  127  18:53  Hydralisk x3  
  133  19:01  Hydralisk x2  
  133  19:02  Hydralisk  
  133  19:07  Overlord x2  
  139  19:32  Spine Crawler  
  139  19:35  Extractor  
  139  19:38  Spine Crawler  
  136  20:29  Unknown  
  112  20:43  Hydralisk x4  
  112  20:44  Hydralisk x4  
  128  21:00  Drone x2  
  128  21:06  Overlord x2  
  130  21:19  Overlord x2  
  130  22:25  Extractor  
  129  22:31  Infestation Pit  
  129  22:35  Nydus Network  
  127  22:41  Zerg Missile Weapons Level 2  
  127  22:42  Zerg Ground Armor Level 2  
  127  22:44  Lurker Den  
  126  23:00  Hydralisk x5  
  126  23:01  Hydralisk x4  
  149  24:47  Hive  
  149  24:48  Unknown  
  149  24:50  Hydralisk  
  149  24:51  Hydralisk x5  
  149  24:52  Hydralisk x3  
  125  25:55  Zerg Missile Weapons Level 3  
  125  25:56  Zerg Ground Armor Level 3  
  125  26:10  Drone  
  125  26:17  Lurker x3  
  125  26:18  Lurker  
  118  27:15  Unknown  
  113  27:44  Hydralisk x4  
  113  27:45  Hydralisk x4  
  113  27:46  Hydralisk  
  131  28:03  Lurker  
  102  28:58  Lurker  
  93  29:24  Hydralisk x4  
  93  29:25  Hydralisk x3  
  93  29:26  Hydralisk x2  
  99  31:56  Hydralisk x5  
  99  31:57  Viper x3  
  99  31:58  Viper  
  121  32:20  Hydralisk x2  
  121  32:21  Hydralisk  
  127  32:31  Spire  
  127  32:33  Spire  
  125  32:41  Ultralisk Cavern  
Tags
 
Add a new tag
Caveats
  • Supply blocks, unpowered buildings, or Contaminate may cause inaccurate times.
  • Supply counts are checked every 10 seconds.